 Dungeon Crawl Stone Soup version 0.22-a0 (webtiles) character file.

311 Lavandula the Changer (level 6, -5/36 HPs)
             Began as a Deep Elf Transmuter on Dec 31, 2017.
             Killed from afar by an orc wizard (13 damage)
             ... with a magic dart
             ... on level 4 of the Dungeon.
             The game lasted 00:13:37 (5269 turns).

Lavandula the Changer (Deep Elf Transmuter)         Turns: 5269, Time: 00:13:38

Health: -5/36      AC:  4    Str:  8    XL:     6   Next: 18%
Magic:  6/14       EV: 13    Int: 18    God:
Gold:   166        SH:  0    Dex: 16    Spells: 3/13 levels left

rFire    . . .     SeeInvis .     - Unarmed
rCold    . . .     Gourm    .   (no shield)
rNeg     . . .     Faith    .   b - +0 robe
rPois    .         Spirit   .   (no helmet)
rElec    .         Reflect  .   (no cloak)
rCorr    .         Harm     +   (no gloves)
MR       .....                  (no boots)
Stlth    +.........             j - amulet of harm
HPRegen  0.12/turn              (no ring)
MPRegen  0.14/turn              (no ring)

@: slowed, very slow
A: slimy green scales 1, robust 1
a: no special abilities


You were on level 4 of the Dungeon.
You were very hungry.

You visited 1 branch of the dungeon, and saw 4 of its levels.

You collected 166 gold pieces.

Inventory:

Missiles
 a - 71 arrows
 i - 116 stones (quivered)
 n - 2 javelins
Armour
 b - a +0 robe (worn)
 e - a +0 buckler
 k - a +0 ring mail
Jewellery
 j - an amulet of harm (around neck)
Scrolls
 g - a scroll of enchant armour
 h - 3 scrolls of remove curse
Potions
 f - a potion of degeneration
 l - a potion of cancellation {unknown}
 m - a potion of heal wounds {unknown}
 p - a potion of haste
Books
 c - a book of Changes

   Spells                             Type                      Level
   a - Beastly Appendage              Transmutation                1
   b - Sticks to Snakes               Transmutation                2
   c - Spider Form                    Transmutation/Poison         3
   d - Ice Form                       Ice/Transmutation            4
   e - Blade Hands                    Transmutation                5
Comestibles
 d - 5 rations


   Skills:
 - Level 0.7 Fighting
 - Level 2.4 Dodging
 - Level 3.8 Unarmed Combat
 - Level 4.3 Spellcasting
 - Level 4.7 Transmutations
 + Level 2.3 Ice Magic


You had 3 spell levels left.
You knew the following spells:

 Your Spells              Type           Power        Failure   Level  Hunger
a - Beastly Appendage     Tmut           ###...       1%          1    None
b - Sticks to Snakes      Tmut           ###.....     3%          2    ##.....
c - Spider Form           Tmut/Pois      ##........   16%         3    ###....
d - Ice Form              Ice/Tmut       ###.....     32%         4    ####...


Dungeon Overview and Level Annotations

Branches:
Dungeon (4/15)
 Temple: D:4-7

Altars:
Kikubaaqudgha
Makhleb
Xom


Innate Abilities, Weirdness & Mutations

You are partially covered in slimy green scales. (AC +2)
You are robust. (+10% HP)


Message History

The orc wizard is severely wounded.
The orc wizard mumbles some strange words.
The orc wizard blinks!
The orc wizard casts a spell at you. The magic dart hits you!
* * * LOW HITPOINT WARNING * * *
You are feeling very hungry.
You kill the orc wizard!
You feel your dexterity returning.
Your Ice Magic skill increases to level 2!
Your transformation is almost over.
Items here: )) [[ a dagger; a robe; a club; a chain mail The orc misses you.
Unknown command.
Your transformation has ended.
Your +0 robe unmelds from your body.
A magic dart appears from out of thin air!
The magic dart hits you!
You die...

._......._...{##
........[..####
##..._...#.#
#.....###.####
###.#.# #.)..#
#### #.#.#
####{#####...#
#...
#####..##.....#
.
#.....o...#...#
#.######@.....#
#.......#####
#.#####.# #.#
#.##### #.....#
#.....# #.....#
#.....#


You could see an orc.

Vanquished Creatures
  2 orc priests (D:3)
  3 orc wizards
  An adder (D:4)
  2 oozes
  2 worms
  3 dart slugs
  A leopard gecko (D:4)
  11 orcs
  5 bats
  4 bat zombies (D:3)
  3 giant cockroaches (D:3)
  6 hobgoblins
  7 jackals
  A quokka (D:2)
  A ball python (D:3)
  3 frilled lizards
  A giant cockroach zombie (D:3)
  6 goblins
  6 kobolds
  2 rats
70 creatures vanquished.

Vanquished Creatures (collateral kills)
  A bullfrog skeleton (D:2)
  A worker ant (D:2)
  4 adders
  A worm (D:1)
  A jackal (D:1)
  A kobold (D:3)
9 creatures vanquished.

Grand Total: 79 creatures vanquished

Notes
Turn   | Place    | Note
-------+----------+-------------------------------------------
     0 | D:1      | Lavandula the Deep Elf Transmuter began the quest for the Orb.
     0 | D:1      | Reached XP level 1. HP: 11/11 MP: 6/6
   743 | D:1      | Reached XP level 2. HP: 14/16 MP: 6/8
  1145 | D:1      | Learned a level 2 spell: Sticks to Snakes
  1836 | D:1      | Reached XP level 3. HP: 5/20 MP: 6/9
  2120 | D:2      | Learned a level 3 spell: Spider Form
  2961 | D:2      | Gained mutation: You are partially covered in slimy green scales. (AC +2) [potion of mutation]
  2961 | D:2      | Gained mutation: You are robust. (+10% HP) [potion of mutation]
  2968 | D:2      | Reached XP level 4. HP: 8/26 MP: 3/11
  2991 | D:2      | HP: 1/26 [poisoned by an adder]
  3277 | D:2      | Learned a level 4 spell: Ice Form
  3491 | D:2      | Found a shimmering altar of Xom.
  3491 | D:2      | Found a burning altar of Makhleb.
  4265 | D:3      | Reached XP level 5. HP: 25/30 MP: 10/13
  4702 | D:3      | Found an ancient bone altar of Kikubaaqudgha.
  5171 | D:4      | Found a shimmering altar of Xom.
  5172 | D:4      | Found a shimmering altar of Xom.
  5173 | D:4      | Found a shimmering altar of Xom.
  5174 | D:4      | Found a shimmering altar of Xom.
  5174 | D:4      | Found a shimmering altar of Xom.
  5189 | D:4      | Reached skill level 1 in Ice Magic
  5203 | D:4      | Found a shimmering altar of Xom.
  5203 | D:4      | Found a shimmering altar of Xom.
  5240 | D:4      | Reached XP level 6. HP: 18/36 MP: 5/14
  5269 | D:4      | Killed from afar by an orc wizard

Vault maps used:
D:1:      sevenhm_arrival_forest_fort_small_3
D:2:      gammafunk_temple_overflow_elements
D:3:      lemuel_zombie_altar_kikubaaqudgha
D:4:      overflow_temple_1_default, lemuel_doored_altar, gup_sewer_entry_bowl,
          serial_shops, shop, nicolae_xom_altar_mimics

Skill      XL: |  1  2  3  4  5  6 |
---------------+-------------------+-----
Unarmed Combat | 3 |  3.8
Spellcasting   | 4 |  4.3
Transmutations | 3 4 |  4.7
Ice Magic      | 1 2 |  2.3
Fighting       | |  0.7
Dodging        | |  2.4

Action                   |  1- 3 |  4- 6 || total
-------------------------+-------+-------++-------
Melee: Unarmed           |   103 |   157 ||   260
       Kick              |    10 |     2 ||    12
       Headbutt          |     3 |     2 ||     5
       Punch             |     1 |     1 ||     2
Throw: Stone             |     6 |       ||     6
 Cast: Beastly Appendage |    24 |     5 ||    29
       Sticks to Snakes  |    11 |     2 ||    13
       Spider Form       |       |    21 ||    21
  Use: Scroll            |     2 |     2 ||     4
       Potion            |     2 |       ||     2
 Stab: Sleeping          |     2 |       ||     2
  Eat: Chunk             |     2 |     7 ||     9
       Ration            |     1 |     1 ||     2
Armor: Robe              |    12 |    27 ||    39
       Skin              |       |     4 ||     4
Dodge: Dodged            |    89 |   131 ||   220

Table legend:
 A = Spawn XP
 B = Non-spawn XP
 C = Spawn XP percentage of total XP
 D = Spawn monster count
 E = Non-spawn monster count
 F = Spawn count percentage of total count
 G = Total turns spent on level
                    A         B        C        D         E        F      G
               +---------+---------+-------+---------+---------+-------+---------
         Total |       0 |     445 |   0.0 |       0 |      79 |   0.0 |  5269
               +---------+---------+-------+---------+---------+-------+---------
           D:1 |       0 |      39 |   0.0 |       0 |      15 |   0.0 |  2322
           D:2 |       0 |     104 |   0.0 |       0 |      19 |   0.0 |  1659
           D:3 |       0 |     195 |   0.0 |       0 |      39 |   0.0 |  1163
           D:4 |       0 |     107 |   0.0 |       0 |       6 |   0.0 |   125
               +---------+---------+-------+---------+---------+-------+---------
